 Dungeon Crawl Stone Soup version 0.19-a0-1185-gacb3972 (webtiles) character file.

64 Ijustatesigmund the Sneak (level 4, 0/31 HPs)
             Began as an Octopode Assassin on Aug 18, 2016.
             Slain by a gnoll
             ... wielding a cursed -3 spear
              (4 damage)
             ... on level 3 of the Dungeon.
             The game lasted 00:04:06 (1387 turns).

Ijustatesigmund the Sneak (Octopode Assassin)       Turns: 1387, Time: 00:04:07

Health: 0/31       AC:  1    Str: 15    XL:     4   Next: 12%
Magic:  4/4        EV: 13    Int: 13    God:
Gold:   97         SH:  0    Dex: 14    Spells: 0 memorised, 3 levels left

rFire  . . .     SeeInvis .     a - +2 dagger
rCold  . . .     Gourm    .     (no shield)
rNeg   . . .     Faith    .     (helmet restricted)
rPois  .         Spirit   .     (no amulet)
rElec  .         Dismiss  .     (no ring)
rCorr  .         Reflect  .     (no ring)
MR     .....     Harm     .     (no ring)
Stlth  ++++......               (no ring)
                                (no ring)
                                (no ring)
                                (no ring)
                                (no ring)

@: mighty
A: almost no armour, amphibious, 8 rings, constrict 8, camouflage 1, gelatinous
body 1
a: no special abilities


You were on level 3 of the Dungeon.
You were not hungry.

You visited 1 branch of the dungeon, and saw 3 of its levels.

You collected 97 gold pieces.

Inventory:

Hand Weapons
 a - a +2 dagger (weapon)
 b - a +0 blowgun
Missiles
 c - 14 poisoned needles
 d - 2 curare-tipped needles
Rods
 j - a +0 rod of ignition (14/14)
   (You found it on level 2 of the Dungeon)
Potions
 i - a potion of might
 k - 3 potions of cancellation
Comestibles
 f - 3 bread rations
 g - a beef jerky
 h - 4 meat rations


   Skills:
 + Level 3.3 Fighting
 + Level 3.0 Short Blades
 - Level 2.0 Throwing
 + Level 1.6 Dodging
 - Level 5.3 Stealth


You had 3 spell levels left.
You didn't know any spells.

Dungeon Overview and Level Annotations

Branches:
Dungeon (3/15)

Altars:
Okawaru


Innate Abilities, Weirdness & Mutations

You cannot wear most types of armour.
You are amphibious.
You can wear up to eight rings at the same time.
You can use your tentacles to constrict eight enemies at once.
Your skin changes colour to match your surroundings (Stealth+).
Your rubbery body absorbs attacks. (AC +1, EV +1)


Message History

You hit the gnoll. Your grab misses the gnoll.
The gnoll is heavily wounded.
The gnoll hits you.
The gnoll hits you from afar with a spear!
* * * LOW HITPOINT WARNING * * *
The gnoll hits you with a whip.
* * * LOW HITPOINT WARNING * * *
You aren't carrying any spellbooks or scrolls.
Unknown command.
It was a potion of might.
You feel very mighty all of a sudden.
The gnoll closely misses you. x3; The gnoll hits you.
* * * LOW HITPOINT WARNING * * *
It was a potion of curing.
You feel better. The gnoll completely misses you.
The gnoll hits you from afar with a spear.
* * * LOW HITPOINT WARNING * * *
You hit the gnoll but do no damage. Your grab misses the gnoll.
The gnoll closely misses you.
The gnoll hits you from afar with a spear.
You die...

######## #......#
######.# ######## #
#...#.# #.. ...###.#
#..<#.# #.###......#.
###.†..######.##.g.......
#...............gg†......
###.....#####.##g#g...###
#.......# #..#@##.#.#
###...#.# ##.#.# .# #
#...#.# .#.# # #...#.#
.#.. +.....# .### #.....#
..


You could see 4 gnolls.

Vanquished Creatures
  3 adders (D:2)
  A worm (D:2)
  3 bats
  4 giant cockroaches
  4 goblins
  5 hobgoblins
  A quokka (D:3)
  A giant newt (D:1)
  6 kobolds
  6 rats
34 creatures vanquished.

Notes
Turn   | Place    | Note
-------+----------+-------------------------------------------
     0 | D:1      | Ijustatesigmund the Octopode Assassin began the quest for the Orb.
     0 | D:1      | Reached XP level 1. HP: 14/14 MP: 1/1
   100 | D:1      | Reached XP level 2. HP: 20/20 MP: 2/2
   397 | D:2      | Found an iron altar of Okawaru.
   536 | D:2      | Reached XP level 3. HP: 19/25 MP: 3/3
   965 | D:2      | Reached XP level 4. HP: 20/31 MP: 4/4
  1387 | D:3      | Slain by a gnoll

Vault maps used:
D:1:      dpeg_arrival_boxorama
D:2:      wad_lake_hut, okawaru_trees_1, first_bread, serial_bayou_pond_c,
          solitary_fountain
D:3:      nicolae_overflow_hidden_temple

Skill      XL: |  1  2  3 |
---------------+----------+-----
Fighting       | 3 |  3.3
Short Blades   | 3 |  3.0
Throwing       | |  2.0
Dodging        | |  1.6
Stealth        | |  5.3

Action                   |  1- 3 |  4- 6 || total
-------------------------+-------+-------++-------
Melee: Dagger            |    62 |    13 ||    75
       Constrict         |    14 |     3 ||    17
       Tentacles         |     8 |     1 ||     9
  Use: Scroll            |     3 |     1 ||     4
       Potion            |       |     2 ||     2
 Stab: Sleeping          |     9 |     1 ||    10
  Eat: Chunk             |       |     1 ||     1
Armor: Skin              |     1 |       ||     1
Dodge: Dodged            |    28 |    11 ||    39
